 Dungeon Crawl Stone Soup version 0.16-a0-1301-gf74d490 (webtiles) character file.

60 Molien the Skirmisher (level 3, 0/29 HPs)
             Began as a Demonspawn Fighter on Oct 15, 2014.
             Slain by a gnoll
             ... wielding a +0 club
              (5 damage)
             ... on level 2 of the Dungeon.
             The game lasted 00:15:47 (944 turns).

Molien the Skirmisher (Demonspawn Fighter)           Turns: 944, Time: 00:15:47

Health: 0/29       AC: 11    Str: 17    XL:     3   Next: 82%
Magic:  3/3        EV:  4    Int:  9    God:
Gold:   85         SH:  9    Dex: 12    Spells: 0 memorised, 2 levels left

rFire  . . .     SeeInvis +     a - +0 war axe
rCold  . . .     Clarity  .     q - +0 chain mail
rNeg   . . .     SustAb   .     c - +0 shield
rPois  .         Gourm    .     t - +0 helmet
rElec  .         Spirit   .     (no cloak)
rCorr  .         Warding  .     i - +0 pair of gloves
rMut   .         Stasis   .     (no boots)
MR     .....                    (no amulet)
Stlth  ..........               (no ring)
                                w - ring of see invisible

@: not resistant to hostile enchantments, extremely unstealthy
A: demonic guardian 1
a: no special abilities


You were on level 2 of the Dungeon.
You were not hungry.

You visited 1 branch of the dungeon, and saw 2 of its levels.

You collected 85 gold pieces.

Inventory:

Hand weapons
 a - a +0 war axe (weapon)
 g - a +1 short sword of draining
 s - a +0 cutlass
Missiles
 l - 22 bolts
 n - 23 arrows
 r - 18 stones (quivered)
Armour
 c - a +0 shield (worn)
 i - a +0 pair of gloves (worn)
 q - a +0 chain mail (worn)
 t - a +0 helmet (worn)
 v - a +0 ring mail of cold resistance
Jewellery
 w - a ring of see invisible (left hand)
Scrolls
 b - a scroll of enchant armour {unknown}
 f - a scroll of remove curse {unknown}
 h - a scroll of amnesia {unknown}
 j - a scroll of enchant weapon {unknown}
 m - a scroll of identify {unknown}
Potions
 e - 3 potions of might
 k - a potion of lignification {unknown}
 p - a potion of curing {unknown}
 u - a potion of haste {unknown}
Comestibles
 d - a bread ration
 o - 3 meat rations


   Skills:
 + Level 3.3 Fighting
 + Level 2.1 Axes
 + Level 0.5 Throwing
 + Level 3.1 Armour
 + Level 1.0 Dodging
 + Level 3.2 Shields


You had 2 spell levels left.
You didn't know any spells.

Dungeon Overview and Level Annotations

Branches:
Dungeon (2/15)

Altars:


Innate Abilities, Weirdness & Mutations

A weak demonic guardian rushes to your aid.


Message History

The gnoll hits you with a spear.
* * * LOW HITPOINT WARNING * * *
You closely miss the gnoll.
The gnoll is heavily wounded.
You block the gnoll's attack.
You closely miss the gnoll.
The gnoll is heavily wounded.
The gnoll barely misses you.
Your chain mail prevents you from hitting the gnoll.
You slash the gnoll!
You kill the gnoll!
The gnoll hits you but does no damage.
Your shield and chain mail prevent you from hitting the gnoll.
The gnoll hits you but does no damage. The gnoll barely misses you.
You hit the gnoll but do no damage. The gnoll hits you with a club.
* * * LOW HITPOINT WARNING * * *
You barely miss the gnoll. The gnoll hits you but does no damage.
Your chain mail prevents you from hitting the gnoll.
The gnoll completely misses you. The gnoll hits you with a club.
You die...

#.#.# ...............
##.#.# #.............#
...#.# #...........# .###.#
#.# ## #.# #.#.# ### # #.#
#.#.#######.# ## #.#
#.#g##......# .###.##
#.#g#..#...)# ......##
#.#@).##%#### ####(..##
#.#......#
#....######.#...#### #
#.#......##.#..## #
#.##.###.......######## #
#.##.....##...........#
#.######......######..#####
..# #.[.#...######.##...##
.# #.#........#...#.....##


You could see a gnoll and a hobgoblin.

Vanquished Creatures
  A gnoll (D:2)
  A worm (D:2)
  4 hobgoblins (D:1)
  7 bats
  2 giant cockroaches
  2 giant newts
  3 goblins
  4 kobolds
  6 rats
30 creatures vanquished.

Vanquished Creatures (collateral kills)
  Ijyb (D:2)
  A gnoll (D:2)
2 creatures vanquished.

Vanquished Creatures (others)
  An iron imp (D:2)
  A white imp (D:2)
2 creatures vanquished.

Grand Total: 34 creatures vanquished

Notes
Turn   | Place    | Note
--------------------------------------------------------------
     0 | D:1      | Molien, the Demonspawn Fighter, began the quest for the Orb.
     0 | D:1      | Reached XP level 1. HP: 18/18 MP: 1/1
   296 | D:1      | Gained mutation: A weak demonic guardian rushes to your aid. [demonic ancestry]
   296 | D:1      | Reached XP level 2. HP: 24/24 MP: 2/2
   781 | D:2      | Reached XP level 3. HP: 18/29 MP: 3/3
   910 | D:2      | Noticed Ijyb
   928 | D:2      | Killed Ijyb
   928 | D:2      | Reached skill level 1 in Dodging
   944 | D:2      | Slain by a gnoll

Action                   || total
-------------------------++-------
Melee: War axe           ||   117
Throw: Stone             ||    15
